 Dungeon Crawl Stone Soup version 0.21-a0-641-geef9d7f (webtiles) character file.

7401 mopl the Arsonist (level 10, -2/37 HPs)
             Began as a Felid Fire Elementalist on Dec 30, 2017.
             Was a High Priest of Vehumet.
             Killed from afar by an oklob plant (16 damage)
             ... with a splash of acid
             ... on level 11 of the Dungeon.
             The game lasted 00:44:36 (17051 turns).

mopl the Arsonist (Felid Fire Elementalist)        Turns: 17051, Time: 00:44:37

Health: -2/37      AC: -2    Str:  4    XL:     10   Next: 92%
Magic:  5/24       EV: 18    Int: 20    God:    Vehumet [*****.]
Gold:   282        SH:  0    Dex: 17    Spells: 9/27 levels left
                                        Lives:  0   Deaths: 3

rFire    + . .     SeeInvis +   (weapon unavailable)
rCold    + . .     Gourm    .   (shield unavailable)
rNeg     . . .     Faith    .   (armour unavailable)
rPois    .         Spirit   .   (helmet unavailable)
rElec    .         Reflect  .   (cloak unavailable)
rCorr    .         Harm     .   (gloves unavailable)
MR       +....                  (boots unavailable)
Stlth    +++.......             (no amulet)
HPRegen  0.12/turn              x - ring of protection from cold
MPRegen  0.19/turn              u - ring of protection from fire

@: corroded, quick
A: very small, no armour, no weapons or thrown items, stealth, claws 1, fangs 3,
see invisible, carnivore, speed 1, shaggy fur 2, slow metabolism 1, sharp paws
a: Renounce Religion


You were on level 11 of the Dungeon.
You worshipped Vehumet.
Vehumet was extremely pleased with you.
You were full.

You visited 1 branch of the dungeon, and saw 11 of its levels.

You collected 536 gold pieces.
You spent 254 gold pieces at shops.

Inventory:

Jewellery
 q - a +2 ring of slaying
 u - a ring of protection from fire (right paw)
 x - a ring of protection from cold (left paw)
 F - an uncursed ring of wizardry
Wands
 k - a wand of clouds (7)
 m - a wand of digging (27)
 p - a wand of paralysis (12)
 w - a wand of polymorph (26)
 C - a wand of enslavement (31)
 D - a wand of scattershot (6)
 E - a wand of flame (55)
Scrolls
 d - 6 scrolls of remove curse
 f - a scroll of amnesia {unknown}
 g - a scroll of fear {unknown}
 i - 6 scrolls of enchant weapon {unknown}
 j - 2 scrolls of magic mapping {unknown}
 o - a scroll of enchant armour {unknown}
 r - 2 scrolls of fog {unknown}
 s - 5 scrolls of teleportation {unknown}
 y - 5 scrolls of blinking
 B - 2 scrolls of noise {unknown}
 G - 5 scrolls of vulnerability {unknown}
 H - a scroll of immolation {unknown}
 J - 2 scrolls of identify
Potions
 c - 3 potions of curing
 e - a potion of haste {!e}
 h - 6 potions of lignification {!q}
 l - a potion of agility
 n - 2 potions of brilliance
 t - a potion of flight
 v - 2 potions of might
 z - a potion of ambrosia
 A - a potion of resistance
 K - a potion of magic
 L - a potion of mutation {!q}
Books
 a - a book of Flames

   Spells                             Type                      Level
   a - Flame Tongue                   Conjuration/Fire             1
   b - Throw Flame                    Conjuration/Fire             2
   c - Conjure Flame                  Conjuration/Fire             3
   d - Inner Flame                    Hexes/Fire                   3
   e - Sticky Flame                   Conjuration/Fire             4
   f - Fireball                       Conjuration/Fire             5
Comestibles
 b - 24 rations


   Skills:
 - Level 2.6 Dodging
 - Level 2.6 Stealth
 + Level 9.0 Spellcasting
 * Level 12.0 Conjurations
 - Level 3.0 Hexes
 * Level 12.2 Fire Magic


You had 9 spell levels left.
You knew the following spells:

 Your Spells              Type           Power        Failure   Level  Hunger
a - Flame Tongue          Conj/Fire      #####        1%          1    None
b - Throw Flame           Conj/Fire      ######       1%          2    None
c - Conjure Flame         Conj/Fire      ######..     1%          3    None
d - Sticky Flame          Conj/Fire      ######..     1%          4    ###....
f - Fireball              Conj/Fire      ######....   1%          5    #####..
h - Inner Flame           Hex/Fire       #####...     1%          3    None


Dungeon Overview and Level Annotations

Branches:
Dungeon (11/15)            Temple (0/1) D:7            Lair (0/6) D:11
    Orc (0/2) D:11

Altars:
Cheibriados
Dithmenos
Gozag
Hepliaklqana
Kikubaaqudgha
Makhleb
Qazlal
Trog
Vehumet
Wu Jian
Xom
Zin
The Shining One

Shops:
D:11 (:*[

Portals:
Trove: D:10 (give 7 potions of haste)

Annotations:
D:11 exclusion: 2 oklob plants


Innate Abilities, Weirdness & Mutations

You cannot wear armour.
You are incapable of wielding weapons or throwing items.
Your paws allow you to move quietly. (Stealth)
You have sharp claws.
You have razor-sharp teeth.
You have supernaturally acute eyesight. (SInv)
You are carnivorous and can eat meat at any time.
You cover ground quickly.
You are covered in thick fur. (AC +2)
You have a slow metabolism.
Your sharp claws are effective at attacking unaware monsters.


Message History

Casting: Sticky Flame
Confirm with . or Enter, or press ? or * to list all spells.
Aiming: Fireball
Press: ? - help, Shift-Dir - straight line The fireball explodes!
The fireball engulfs the oklob plant.
The oklob plant is moderately damaged.
The oklob plant spits acid at you. The splash of acid hits you!
The acid corrodes you!
You are splashed with acid!
The acid burns!
Unknown command.
Unknown command.
Casting: Fireball
Confirm with . or Enter, or press ? or * to list all spells.
Aiming: Fireball
Press: ? - help, Shift-Dir - straight line The fireball explodes!
The fireball engulfs the oklob plant.
The oklob plant is heavily damaged.
The oklob plant spits acid at you. The splash of acid hits you!
You die...

...)..#.##PP.##.#....>..((..(c...
#######...PP.P..#................
#≈.PP>P..§#....(...........
#..PPPPP..#...(.....#######
#.##...##.#.........# #
##..#...#..#.(.......#### #
#.#...≈...#.............# #
######....###...........[....# #
................@........)...# #
.............................####
.............................#...
.........)...................#...
.........<..............>....#...
.............................#...
....∩...........>................
.................................
####################.........####


You could see an oklob plant.

Vanquished Creatures
  Gastronok (D:10)
  Josephine (D:10)
  A hydra (D:11)
  6 two-headed ogres
  Pikel (D:5)
  Maurice (D:9)
  Psyche (D:10)
  2 gargoyles
  A troll (D:10)
  A hornet (D:8)
  The ghost of TheDeThijs the Spear-Bearer, an amateur MfGl (D:3)
  5 slime creatures
  Prince Ribbit (D:9)
  A hippogriff (D:9)
  6 spriggans (D:9)
  A human (D:10)
  3 wraiths (D:10)
  2 wyverns
  14 yaks
  The ghost of mopl the Sneak, an amateur FoEn (D:4)
  A water moccasin (D:11)
  2 sky beasts
  2 orc warriors
  4 ice beasts
  2 phantoms
  A slave (D:5)
  A necrophage (D:9)
  7 ogres
  10 centaurs
  6 big kobolds
  5 bullfrogs
  3 scorpions
  12 killer bees
  16 wights
  2 howler monkeys
  4 jellies (D:5)
  A bullfrog zombie (D:5)
  A crimson imp (D:4)
  2 quasits (D:8)
  2 centaur zombies
  10 orc wizards
  A gnoll shaman (D:10)
  8 orc priests
  5 bullfrog skeletons
  5 hounds
  6 iguanas
  9 worker ants
  A killer bee zombie (D:10)
  A hound zombie (D:10)
  A hound skeleton (D:9)
  4 gnolls
  A worker ant zombie (D:11)
  10 adders
  3 shadow imps
  A white imp (D:8)
  9 oozes
  2 adder zombies (D:8)
  3 adder skeletons
  5 dart slugs
  3 worms
  5 leopard geckos
  37 orcs
  3 bat zombies (D:2)
  3 giant cockroaches
  11 goblins
  11 hobgoblins
  13 jackals
  23 kobolds
  3 quokkas
  A ball python (D:2)
  12 bats
  4 frilled lizards
  A leopard gecko skeleton (D:5)
  2 quokka skeletons (D:7)
  A quokka zombie (D:7)
  9 rats
  A bush (D:10)
  3 plants (D:11)
366 creatures vanquished.

Vanquished Creatures (others)
  3 orcs (D:5)
  A bush (D:10)
  A plant (D:11)
  10 toadstools (D:5)
15 creatures vanquished.

Grand Total: 381 creatures vanquished

Notes
Turn   | Place    | Note
-------+----------+-------------------------------------------
     0 | D:1      | mopl the Felid Fire Elementalist began the quest for the Orb.
     0 | D:1      | Reached XP level 1. HP: 7/7 MP: 4/4
    56 | D:1      | Reached skill level 1 in Conjurations
   147 | D:1      | Reached XP level 2. HP: 5/11 MP: 1/6
   258 | D:1      | Learned a level 2 spell: Throw Flame
   328 | D:1      | Reached skill level 3 in Fire Magic
   509 | D:1      | Reached XP level 3. HP: 14/14 MP: 3/7
  1024 | D:2      | Reached skill level 2 in Conjurations
  1027 | D:2      | Found an ancient bone altar of Kikubaaqudgha.
  1225 | D:2      | Reached XP level 4. HP: 14/18 MP: 2/9
  1239 | D:2      | Learned a level 4 spell: Sticky Flame
  1738 | D:3      | Found a glowing silver altar of Zin.
  1741 | D:3      | Noticed TheDeThijs's ghost (amateur MfGl)
  1741 | D:3      | Found an ornate altar of the Wu Jian Council.
  1884 | D:3      | Reached skill level 3 in Spellcasting
  2013 | D:3      | Reached XP level 5. HP: 21/21 MP: 0/10
  2122 | D:3      | Learned a level 3 spell: Conjure Flame
  2846 | D:3      | Reached skill level 3 in Conjurations
  2867 | D:3      | Found a shadowy altar of Dithmenos.
  2968 | D:3      | Killed TheDeThijs's ghost
  2968 | D:3      | Reached skill level 4 in Fire Magic
  2968 | D:3      | Gained mutation: You are covered in thick fur. (AC +2) [Felid growth]
  2968 | D:3      | Reached XP level 6. HP: 20/24 MP: 2/12
  3316 | D:4      | Noticed mopl's ghost (amateur FoEn)
  3350 | D:3      | Reached skill level 4 in Conjurations
  3439 | D:4      | Reached skill level 5 in Fire Magic
  3439 | D:4      | Reached XP level 7. HP: 5/27 MP: 7/13
  3819 | D:4      | Found a glowing golden altar of the Shining One.
  4019 | D:4      | Reached skill level 4 in Spellcasting
  4165 | D:4      | Found a snail-covered altar of Cheibriados.
  4257 | D:4      | Killed mopl's ghost
  4437 | D:4      | Found a bloodstained altar of Trog.
  4503 | D:4      | Reached skill level 5 in Conjurations
  4650 | D:4      | Found a radiant altar of Vehumet.
  4650 | D:4      | Found a burning altar of Makhleb.
  4716 | D:4      | Became a worshipper of Vehumet
  4854 | D:5      | Entered Level 5 of the Dungeon
  4872 | D:5      | Noticed a water elemental
  5014 | D:5      | Noticed an air elemental
  5015 | D:5      | Found a stormy altar of Qazlal.
  5016 | D:5      | Noticed a fire elemental
  5092 | D:5      | Noticed Pikel
  5093 | D:5      | Reached skill level 6 in Fire Magic
  5093 | D:5      | Reached XP level 8. HP: 2/31 MP: 9/15
  5472 | D:5      | Killed Pikel
  5472 | D:5      | Reached skill level 5 in Spellcasting
  5472 | D:5      | Reached skill level 6 in Conjurations
  5501 | D:5      | Found a hazy altar of Hepliaklqana.
  5694 | D:5      | Found a shimmering altar of Xom.
  5845 | D:5      | Reached skill level 7 in Fire Magic
  5955 | D:5      | Reached XP level 9. HP: 28/34 MP: 1/17
  6026 | D:5      | Reached * piety under Vehumet
  6026 | D:5      | Offered knowledge of Magic Dart by Vehumet.
  6118 | D:5      | Reached skill level 7 in Conjurations
  6506 | D:5      | Learned a level 5 spell: Fireball
  6510 | D:5      | Learned a level 3 spell: Inner Flame
  6992 | D:6      | Reached skill level 8 in Fire Magic
  7461 | D:7      | Reached skill level 6 in Spellcasting
  7466 | D:7      | Slain by an iguana
  7467 | D:7      | Reached XP level 8. HP: -1/31 MP: 9/18
  7473 | D:7      | Found a staircase to the Ecumenical Temple.
  7510 | D:7      | Reached skill level 8 in Conjurations
  7844 | D:7      | Reached ** piety under Vehumet
  7876 | D:7      | Offered knowledge of Sandblast by Vehumet.
  7920 | D:7      | Reached XP level 9. HP: 32/34 MP: 0/19
  8636 | D:8      | Offered knowledge of Mephitic Cloud by Vehumet.
  8690 | D:8      | Paralysed by a hornet for 1 turns
  9054 | D:8      | Noticed a two-headed ogre
  9115 | D:8      | Killed a two-headed ogre
  9115 | D:8      | Reached skill level 9 in Fire Magic
  9444 | D:8      | Noticed a two-headed ogre
  9464 | D:8      | Killed a two-headed ogre
  9464 | D:8      | Reached skill level 9 in Conjurations
  9464 | D:8      | Reached XP level 10. HP: 22/37 MP: 18/21
  9888 | D:8      | Reached *** piety under Vehumet
 10081 | D:9      | Noticed Maurice
 10091 | D:9      | Killed Maurice
 10091 | D:9      | Reached skill level 7 in Spellcasting
 10098 | D:9      | Noticed Prince Ribbit
 10139 | D:9      | Killed Prince Ribbit
 10157 | D:9      | Reached skill level 10 in Fire Magic
 10413 | D:9      | Reached skill level 1 in Hexes
 10443 | D:9      | Offered knowledge of Ignite Poison by Vehumet.
 10681 | D:9      | Reached skill level 2 in Hexes
 10879 | D:9      | Found an opulent altar of Gozag.
 11304 | D:10     | Entered Level 10 of the Dungeon
 11313 | D:10     | Noticed a two-headed ogre
 11320 | D:10     | Reached skill level 10 in Conjurations
 11582 | D:10     | Killed a two-headed ogre
 11582 | D:10     | Reached skill level 3 in Hexes
 11627 | D:10     | Noticed a gargoyle
 11636 | D:10     | Killed a gargoyle
 11636 | D:10     | Reached XP level 11. HP: 40/40 MP: 17/23
 11854 | D:10     | Reached **** piety under Vehumet
 12303 | D:10     | Noticed Gastronok
 12341 | D:10     | Offered knowledge of Stone Arrow by Vehumet.
 12487 | D:10     | Noticed Josephine
 13209 | D:10     | Killed Josephine
 13372 | D:10     | Killed Gastronok
 13372 | D:10     | Reached skill level 8 in Spellcasting
 13372 | D:10     | Reached skill level 11 in Fire Magic
 13478 | D:10     | Reached skill level 11 in Conjurations
 13818 | D:10     | Noticed Psyche
 13826 | D:10     | Killed Psyche
 14011 | D:10     | Found a portal to a secret trove of treasure.
 14773 | D:11     | Noticed an eight-headed hydra
 14788 | D:11     | Slain by an eight-headed hydra
 14789 | D:11     | Reached XP level 10. HP: -1/37 MP: 7/23
 14790 | D:11     | Killed an eight-headed hydra
 14791 | D:11     | Noticed a two-headed ogre
 14804 | D:11     | Killed a two-headed ogre
 14804 | D:11     | Reached XP level 11. HP: 40/40 MP: 21/24
 14819 | D:11     | Found Udwiluc's Weapon Shop.
 14826 | D:11     | Found Pemevi's Book Boutique.
 14841 | D:11     | Found Mytyl's Jewellery Boutique.
 14902 | D:11     | Found Gaky's Assorted Antiques.
 14902 | D:11     | Noticed a two-headed ogre
 15114 | D:11     | Found a staircase to the Orcish Mines.
 15625 | D:11     | Noticed an oklob plant
 15625 | D:11     | Noticed an oklob plant
 16118 | D:11     | Noticed a two-headed ogre
 16124 | D:11     | Killed a two-headed ogre
 16124 | D:11     | Reached ***** piety under Vehumet
 16125 | D:11     | Killed a two-headed ogre
 16125 | D:11     | Reached skill level 12 in Fire Magic
 16181 | D:11     | Offered knowledge of Orb of Destruction by Vehumet.
 16306 | D:11     | HP: 2/40 [centaur/arrow (8)]
 16307 | D:11     | Shot with an arrow by a centaur
 16308 | D:11     | Reached XP level 10. HP: -12/37 MP: 6/23
 16308 | D:11     | Found a staircase to the Lair.
 16349 | D:11     | Reached skill level 9 in Spellcasting
 16349 | D:11     | Reached skill level 12 in Conjurations
 16458 | D:11     | Bought a scroll of identify for 38 gold pieces
 16458 | D:11     | Bought a scroll labeled EZUXZU DOSOES for 19 gold pieces
 16458 | D:11     | Bought a scroll of blinking for 142 gold pieces
 16458 | D:11     | Bought a lumpy golden potion for 17 gold pieces
 16458 | D:11     | Bought a scroll labeled FOULOTAMMO for 19 gold pieces
 16458 | D:11     | Bought a scroll labeled FOULOTAMMO for 19 gold pieces
 16597 | D:11     | Found Leqin's Armour Boutique.
 17051 | D:11     | Killed from afar by an oklob plant

Vault maps used:
D:1:      onia_arrival_mini_maze
D:2:      lemuel_zombie_altar_kikubaaqudgha
D:3:      old_standard_altar, grunt_temple_overflow_open, glass_columns_a
D:4:      grunt_temple_overflow_lords_of_destruction, kennysheep_slug_shrine,
          lemuel_crystal_altar, lemuel_round_altar
D:5:      cheibrodos_fertilizer, nicolae_qazlal_style_of_elements,
          lemuel_round_altar, kennysheep_mini, first_ration,
          kennysheep_generic_room_5, uniq_pikel
D:7:      minmay_temple_entry_butterflies, kennysheep_generic_room_13
D:9:      kb_forest_paths, grunt_gozag_breadcrumbs, uniq_prince_ribbit1,
          uniq_maurice
D:10:     enter_trove_0, st_stairs_4, grunt_pizzeria, hangedman_decor_riveting,
          kennysheep_cross_bottleneck, minmay_hedge_maze, grunt_ministairs_8,
          uniq_josephine, uniq_gastronok, uniq_psyche
D:11:     dpeg_oklobed_lair, david_orc_3, serial_shops, nicolae_shop_crystal,
          shop, shop, nicolae_shop_competitors_out_of_business, shop

Skill      XL: |  1  2  3  4  5  6  7  8  9 10 11 |
---------------+----------------------------------+-----
Conjurations   | 1 2 3 4 5 8 9 12 11 | 12.0
Fire Magic     | 3 4 5 6 7 9 10 12 | 12.2
Spellcasting   | 3 4 5 6 9 8 |  9.0
Hexes          | 3 |  3.0
Dodging        | |  2.6
Stealth        | |  2.6

Action                   |  1- 3 |  4- 6 |  7- 9 | 10-12 || total
-------------------------+-------+-------+-------+-------++-------
Melee: Unarmed           |    36 |    72 |    45 |    76 ||   229
       Bite              |     2 |    10 |     4 |     4 ||    20
 Cast: Flame Tongue      |    65 |    87 |   213 |   178 ||   543
       Throw Flame       |       |     4 |     4 |     4 ||    12
       Conjure Flame     |       |     2 |    12 |    28 ||    42
       Sticky Flame      |       |     3 |    43 |    74 ||   120
       Fireball          |       |       |     1 |    50 ||    51
       Inner Flame       |       |       |     2 |     9 ||    11
Evoke: Wand              |       |       |     8 |     8 ||    16
  Use: Scroll            |       |       |     8 |     6 ||    14
       Potion            |       |       |     1 |     4 ||     5
 Stab: Sleeping          |     3 |     7 |     1 |     5 ||    16
       Paralysed         |       |       |     3 |       ||     3
       Distracted        |       |       |       |     1 ||     1
  Eat: Chunk             |     8 |     6 |    23 |    35 ||    72
Armor: Skin              |     4 |     5 |     8 |    11 ||    28
Dodge: Dodged            |    61 |   106 |   165 |   179 ||   511

Table legend:
 A = Spawn XP
 B = Non-spawn XP
 C = Spawn XP percentage of total XP
 D = Spawn monster count
 E = Non-spawn monster count
 F = Spawn count percentage of total count
 G = Total turns spent on level
                    A         B        C        D         E        F      G
               +---------+---------+-------+---------+---------+-------+---------
         Total |       0 |   30352 |   0.0 |       0 |     361 |   0.0 | 17051
               +---------+---------+-------+---------+---------+-------+---------
           D:1 |       0 |      64 |   0.0 |       0 |      29 |   0.0 |   912
           D:2 |       0 |      59 |   0.0 |       0 |      26 |   0.0 |   664
           D:3 |       0 |     543 |   0.0 |       0 |      41 |   0.0 |  1980
           D:4 |       0 |     582 |   0.0 |       0 |      13 |   0.0 |  1561
           D:5 |       0 |    2541 |   0.0 |       0 |      41 |   0.0 |  1671
           D:6 |       0 |     358 |   0.0 |       0 |       7 |   0.0 |   445
           D:7 |       0 |     946 |   0.0 |       0 |      32 |   0.0 |  1019
           D:8 |       0 |    3006 |   0.0 |       0 |      37 |   0.0 |  1798
           D:9 |       0 |    3545 |   0.0 |       0 |      32 |   0.0 |  2403
          D:10 |       0 |   10049 |   0.0 |       0 |      53 |   0.0 |  2979
          D:11 |       0 |    8659 |   0.0 |       0 |      50 |   0.0 |  1619
               +---------+---------+-------+---------+---------+-------+---------
